 Dungeon Crawl Stone Soup version 0.25.1-2-g60ff931df9 (webtiles) character file.

Game seed: 2385469580753399082

552 gruber the Tainter (level 7, 0/41 HPs)
             Began as an Octopode Venom Mage on Nov 3, 2020.
             Was an Initiate of Vehumet.
             Slain by Grinder (4 damage)
             ... on level 5 of the Dungeon.
             The game lasted 00:05:38 (4974 turns).

gruber the Tainter (Octopode Venom Mage)            Turns: 4974, Time: 00:05:39

Health: 0/41       AC:  1    Str:  7    XL:     7   Next: 29%
Magic:  11/11      EV: 13    Int: 18    God:    Vehumet [......]
Gold:   105        SH:  0    Dex: 12    Spells: 1/12 levels left

rFire    . . .     SeeInvis +   l - +1 dagger (venom)
rCold    + . .     Gourm    .   (no shield)
rNeg     . . .     Faith    .   (helmet restricted)
rPois    .         Spirit   .   (no amulet)
rElec    .         Reflect  .   t - ring of protection from cold
rCorr    .         Harm     .   (no ring)
MR       .....                  (no ring)
Stlth    ++........             (no ring)
HPRegen  0.13/turn              (no ring)
MPRegen  0.12/turn              (no ring)
                                (no ring)
                                (no ring)

@: confused
A: almost no armour, stealthy swim, amphibious, 8 rings, constrict 8, camouflage
1, see invisible, dopey 1, mutation resistance 1, gelatinous body 1
a: Renounce Religion


You were on level 5 of the Dungeon.
You worshipped Vehumet.
Vehumet was noncommittal.
You were very hungry.

You visited 1 branch of the dungeon, and saw 5 of its levels.

You collected 105 gold pieces.

Inventory:

Hand Weapons
 l - a +1 dagger of venom (weapon)
Armour
 k - a +0 buckler
Jewellery
 c - an uncursed ring of ice
 t - a ring of protection from cold (left tentacle)
Scrolls
 a - a scroll of noise {unknown}
 d - a scroll of random uselessness {unknown}
 e - 2 scrolls of amnesia {unknown}
 g - 4 scrolls of teleportation {unknown}
 j - 2 scrolls of identify {unknown}
 o - 4 scrolls of remove curse {unknown}
 p - a scroll of fear {unknown}
 u - a scroll of magic mapping {unknown}
Potions
 f - 2 potions of curing
 m - 2 potions of haste {unknown}
 n - 2 potions of brilliance {unknown}
 q - a potion of degeneration {unknown}
 s - 2 potions of heal wounds {unknown}
Comestibles
 b - 4 rations


   Skills:
 - Level 2.0 Dodging
 - Level 2.6 Stealth
 - Level 3.0 Spellcasting
 - Level 1.0 Transmutations
 + Level 0.2 Fire Magic
 * Level 9.2 Poison Magic


You had one spell level left.
You knew the following spells:

 Your Spells              Type           Power        Failure   Level  Hunger
a - Sting                 Tmut/Pois      ###.         1%          1    None
b - Mephitic Cloud        Conj/Pois/Air  ##......     14%         3    ###....
c - Ignite Poison         Fire/Tmut/Pois ###.....     12%         3    ###....
d - Olgreb's Toxic Radia  Pois           #####...     3%          4    ####...

Your spell library contained the following spells:

 Spells                   Type           Power        Failure   Level  Hunger
 Poisonous Vapours        Pois/Air       ###...       3%          2    ##.....


Dungeon Overview and Level Annotations

Branches:
Dungeon (5/15)
 Temple: D:4-7

Altars:
Ashenzari
Dithmenos
Nemelex Xobeh
Ru
Uskayaw
Vehumet

Annotations:
D:5 Grinder


Innate Abilities, Weirdness & Mutations

You cannot wear most types of armour.
You are very stealthy in the water. (Stealth+)
You are amphibious.
You can wear up to eight rings at the same time.
You can use your tentacles to constrict eight enemies at once.
Your skin changes colour to match your surroundings (Stealth+).
Your rubbery body absorbs attacks. (AC +1, EV +1)
You have supernaturally acute eyesight. (SInv)
You are dopey. (Int -2)
You are somewhat resistant to further mutation.


Message History

It was a potion of mutation.
You feel extremely strange.
You feel stupid.
Your vision sharpens.
You feel genetically stable.
Grinder says, "Just stop there for a second..."
Grinder hits you!
* * * LOW HITPOINT WARNING * * *
It was a potion of ambrosia.
You are confused.
You feel invigorated. Grinder hits you.
* * * LOW HITPOINT WARNING * * *
You writhe in agony.
* * * LOW HITPOINT WARNING * * *
Grinder hits you.
* * * LOW HITPOINT WARNING * * *
You writhe in agony.
* * * LOW HITPOINT WARNING * * *
Grinder closely misses you. Grinder hits you!
* * * LOW HITPOINT WARNING * * *
You writhe in agony.
You die...

#.##.## #
#.#...# #.
#.#.#....... #
#.###...#...####
#. #.....#####.#
...####.....#
....
..........#.#.#
###
#.......###5..#
#.<.......@5.##
##############


You could see Grinder and a crimson imp.

Vanquished Creatures
  An ogre (D:4)
  Blork the orc (D:4)
  2 howler monkeys
  A crimson imp (D:5)
  2 hounds (D:4)
  A bullfrog skeleton (D:4)
  An orc wizard (D:4)
  A worker ant (D:4)
  6 adders
  2 worms
  3 dart slugs
  A leopard gecko (D:1)
  2 orcs (D:4)
  4 ball pythons
  4 bats
  2 giant cockroaches
  8 goblins
  8 hobgoblins
  8 jackals
  A quokka (D:3)
  9 frilled lizards
  8 kobolds
  7 rats
83 creatures vanquished.

Notes
Turn   | Place    | Note
-------+----------+-------------------------------------------
     0 | D:1      | gruber the Octopode Venom Mage began the quest for the Orb.
     0 | D:1      | Reached XP level 1. HP: 11/11 MP: 3/3
   149 | D:1      | Reached XP level 2. HP: 14/17 MP: 5/5
   497 | D:1      | Found a shattered altar of Ashenzari.
   835 | D:2      | Reached skill level 4 in Poison Magic
   835 | D:2      | Reached XP level 3. HP: 8/21 MP: 2/7
  1164 | D:2      | Learned a level 3 spell: Mephitic Cloud
  1263 | D:2      | Reached XP level 4. HP: 17/27 MP: 5/8
  1539 | D:2      | Reached skill level 5 in Poison Magic
  1590 | D:2      | Found a hide-covered altar of Uskayaw.
  1888 | D:2      | Found a faded altar of an unknown god.
  2056 | D:3      | Found a sacrificial altar of Ru.
  2059 | D:3      | Found a sparkling altar of Nemelex Xobeh.
  2070 | D:3      | Found a shattered altar of Ashenzari.
  2073 | D:3      | Found a radiant altar of Vehumet.
  2092 | D:3      | Found a shadowy altar of Dithmenos.
  2478 | D:3      | Learned a level 3 spell: Ignite Poison
  3329 | D:3      | Became a worshipper of Vehumet
  3437 | D:4      | Noticed an ogre
  3440 | D:4      | Killed an ogre
  3440 | D:4      | Reached skill level 6 in Poison Magic
  3440 | D:4      | Reached XP level 5. HP: 31/31 MP: 2/9
  3589 | D:4      | Reached skill level 7 in Poison Magic
  3589 | D:4      | Reached XP level 6. HP: 29/36 MP: 10/10
  3595 | D:4      | Learned a level 4 spell: Olgreb's Toxic Radiance
  4104 | D:4      | Reached skill level 8 in Poison Magic
  4322 | D:4      | Noticed Blork the orc
  4333 | D:4      | Killed Blork the orc
  4333 | D:4      | Reached XP level 7. HP: 27/41 MP: 0/11
  4890 | D:5      | Entered Level 5 of the Dungeon
  4899 | D:5      | Reached skill level 9 in Poison Magic
  4953 | D:5      | Noticed Grinder
  4970 | D:5      | Gained mutation: You are dopey. (Int -2) [potion of
                  | mutation]
  4970 | D:5      | Gained mutation: You have supernaturally acute eyesight.
                  | (SInv) [potion of mutation]
  4970 | D:5      | Gained mutation: You are somewhat resistant to further
                  | mutation. [potion of mutation]
  4974 | D:5      | Slain by Grinder

Illustrated notes

Levels and vault maps discovered:
D:1:      mrwooster_arrival_statue_3, layout_loops_ring, ashenzari_altar_1
D:2:      layout_rooms, nicolae_overflow_hidden_temple,
          chequers_ecumenical_altar_lobes
D:3:      layout_basic, minmay_overflow_temple_star_hex
D:4:      layout_basic, first_ration, minmay_strange_pillars,
          kennysheep_flooded_box, uniq_blork_the_orc
D:5:      layout_loops_ring, uniq_grinder, uniq_pikel

Skill      XL: |  1  2  3  4  5  6  7 |
---------------+----------------------+-----
Spellcasting   | 3 |  3.0
Poison Magic   | 4 6 7 8 9 |  9.2
Dodging        | |  2.0
Stealth        | |  2.6
Transmutations | |  1.0
Fire Magic     | |  0.2

Action                   |  1- 3 |  4- 6 |  7- 9 || total
-------------------------+-------+-------+-------++-------
Melee: Unarmed           |    25 |       |       ||    25
       Constrict         |    11 |    13 |     5 ||    29
       Tentacles         |     5 |     8 |     4 ||    17
       Dagger            |       |    67 |    16 ||    83
 Cast: Sting             |    32 |    24 |       ||    56
       Ignite Poison     |       |     2 |       ||     2
       Mephitic Cloud    |       |     1 |     2 ||     3
       Olgreb's Toxic Ra |       |     8 |     5 ||    13
  Use: Potion            |       |     1 |     2 ||     3
 Stab: Sleeping          |     8 |    12 |       ||    20
  Eat: Chunk             |     1 |    11 |     2 ||    14
Armor: Skin              |     2 |     3 |     1 ||     6
Dodge: Dodged            |    20 |    47 |    13 ||    80
